 Dungeon Sprint DCSS version 0.30.1-4-g462c640d31 (webtiles) character file.

Game seed: 5110967095809055572

3262 Heoruswealwe the Brawler (level 9, -2/101 HPs)
             Began as a Troll Berserker on Aug 18, 2023.
             Was a High Priest of Trog.
             Slain by an unseen horror (6 damage)
             ... in the Dungeon (Sprint I: "Red Sonja").
             The game lasted 00:07:55 (595 turns).

Heoruswealwe the Brawler (Troll Berserker)           Turns: 595, Time: 00:07:55

Health: -2/101     AC:  4    Str: 31    XL:     9   Next: 68%
Magic:  8/8        EV: 12    Int:  3    God:    Trog [*****.]
Gold:   548        SH:  0    Dex:  9    Spells: 8/8 levels left

rFire   . .          .
                       - Unarmed
rCold   . . .        (no shield)
rNeg    . . .        a - +0 animal skin
rPois   .            (helmet restricted)
rElec   .            (no cloak)
rCorr   .            (gloves unavailable)
SInv    .            (boots unavailable)
Will    .....        (no amulet)
Stlth   +            (no ring)
HPRegen 1.16/turn    (no ring)
MPRegen 0.11/turn

%: no teleportation
@: no status effects
A: large, unfitting armour, claws 3, regeneration 1, shaggy fur 1, tough skin 1
a: Renounce Religion, Berserk, Trog's Hand, Brothers in Arms


You were in the Dungeon.
You worshipped Trog.
Trog was extremely pleased with you.
You visited 1 branch You collected 686 gold pieces.
You spent 138 gold pieces at shops.

Inventory:

Armour
 a - a +0 animal skin (worn)
Wands
 c - a wand of digging (7)
 d - a wand of iceblast (10)
 f - a wand of charming (9)
Scrolls
 e - 2 scrolls of identify
 g - a scroll of blinking


   Skills:
 + Level 10.0 Fighting
 + Level 10.0 Dodging
 * Level 16.1 Unarmed Combat


You had 8 spell levels left.
You didn't know any spells.
Your spell library was empty.

Dungeon Overview and Level Annotations

Branches:
Dungeon (1/1)

Altars:
Cheibriados
Dithmenos
Elyvilon
Fedhas
Gozag
Hepliaklqana
Kikubaaqudgha
Makhleb
Nemelex Xobeh
Okawaru
Qazlal
Ru
Sif Muna
Trog
Uskayaw
Vehumet
Wu Jian
Xom
Yredelemnul
Zin
The Shining One
Jiyva
Lugonu

Shops:
D ?


Innate Abilities, Weirdness & Mutations

You are too large for most types of armour.
You have claws for hands.
Your natural rate of healing is unusually fast.
You are covered in fur. (AC +1)
You have tough skin. (AC +1)


Message History

Something hits you.
You mangle something!! Something hits you. Something completely misses you.
You open the door. Something hits you but does no damage. Something hits you.
Something hits you but does no damage. Something hits you.
Something hits you but does no damage.
There is an open door here.
Something hits you but does no damage. Something hits you!
Something hits you. x2; Something hits you!
You scratch something but do no damage. Your claw misses something.
Something hits you. Something hits you! Something hits you.
You closely miss something. Something hits you! Something hits you. x2
* * * LOW HITPOINT WARNING * * *
You closely miss something. Something hits you!
* * * LOW HITPOINT WARNING * * *
Something hits you but does no damage. Something hits you!
* * * LOW HITPOINT WARNING * * *
Something hits you!
* * * LOW HITPOINT WARNING * * *
You feel much better. Something hits you.
* * * LOW HITPOINT WARNING * * *
You feel much better. Something hits you.
Something hits you but does no damage. Something hits you.
You scratch something but do no damage. Your claw misses something.
Something hits you. x2
You scratch something. Something hits you. Something barely misses you.
Something hits you!
* * * LOW HITPOINT WARNING * * *
You barely miss something. Something hits you but does no damage.
Something hits you.
* * * LOW HITPOINT WARNING * * *
You miss something. Something hits you.
* * * LOW HITPOINT WARNING * * *
Something hits you.
* * * LOW HITPOINT WARNING * * *
You closely miss something. Your claw misses something. Something hits you.
* * * LOW HITPOINT WARNING * * *
Something hits you!
* * * LOW HITPOINT WARNING * * *
You claw something! Something hits you.
You die...

__##'#_.+~§~.§+..#,,,,,*,,,***,,*
...'..._#~~~§§#..#,,,,,+,,,,,**,*
__##_.#'##+#####'###,,,*,,,,,*,,*
__###+#.#.())#*#.+.#,,,***++**,**
###**,####+###,###)#,,***,,***,,*
,,,+,,,+,,,,,+,∩*#†#,,****,,***,,
****,,,**#######*#.#*+*,,*,,*,***
,****,***.......##§#*,*,,,,,,,,,*
,,*,*+*,*......{@§§#***,,,,,,,,,*
,,*,,,,,*+++######§#,,+,,,,,,****
,,*,,,,,*,,,,,,,,#.#****,,,***,,,
,,*******,,,,,,,*+.#,,,*****,,,**
,,**,,,,,,,,,,,~*###,,,,,,,,,***,
,,**,,,,,,,,,,~~**,,,,,,,*****,,,
,,***,,,,,,,~~~***,,,,,,**^,,,,,,
*** ***,,~~~~*** *,,,,,**^,,,,,,,
,∩****+******+****,,,,,*,,,,,,,,,


There were no monsters in sight!

Vanquished Creatures
  2 centaur warriors (D)
  An oklob plant (D)
  2 kobold demonologists (D)
  A hornet (D)
  A slime creature (D)
  Sigmund (D)
  A yak (D)
  2 redbacks (D)
  A floating eye (D)
  An ogre (D)
  A jelly (D)
  Ijyb (D)
15 creatures vanquished.

Notes
Turn   | Place    | Note
-------+----------+-------------------------------------------
     0 | D        | Heoruswealwe the Troll Berserker began the quest for the
                  | Orb.
     0 | D        | Reached XP level 1. HP: 22/22 MP: 0/0
     1 | D        | Noticed Ijyb
    15 | D        | Killed Ijyb
    16 | D        | Reached skill level 5 in Unarmed Combat
    16 | D        | Reached XP level 2. HP: 26/31 MP: 1/1
    43 | D        | Noticed an ogre
    46 | D        | Killed an ogre
    47 | D        | Reached skill level 7 in Unarmed Combat
    47 | D        | Reached XP level 3. HP: 40/40 MP: 2/2
    47 | D        | Reached XP level 4. HP: 49/49 MP: 3/3
    77 | D        | Noticed Sigmund
    85 | D        | Killed Sigmund
    85 | D        | Reached ** piety under Trog
    86 | D        | Reached skill level 5 in Fighting
    86 | D        | Reached skill level 5 in Dodging
    86 | D        | Reached skill level 9 in Unarmed Combat
    86 | D        | Reached XP level 5. HP: 56/59 MP: 4/4
    98 | D        | Found a burning altar of Makhleb.
    98 | D        | Found a viscous altar of Jiyva.
    98 | D        | Found a shimmering altar of Xom.
    98 | D        | Found a corrupted altar of Lugonu.
    98 | D        | Noticed a slime creature
   105 | D        | HP: 2/59 [slime creature (17)]
   108 | D        | Killed a slime creature
   109 | D        | Reached skill level 10 in Unarmed Combat
   109 | D        | Reached XP level 6. HP: 13/68 MP: 5/5
   162 | D        | Found an ornate altar of the Wu Jian Council.
   162 | D        | Found a shimmering blue altar of Sif Muna.
   164 | D        | Found a radiant altar of Vehumet.
   193 | D        | Found Wiykuxy's Magic Scroll Emporium.
   193 | D        | Found an ancient bone altar of Kikubaaqudgha.
   193 | D        | Found a hazy altar of Hepliaklqana.
   193 | D        | Found a stormy altar of Qazlal.
   193 | D        | Found a hide-covered altar of Uskayaw.
   193 | D        | Found a blossoming altar of Fedhas.
   193 | D        | Found a bloodstained altar of Trog.
   193 | D        | Found an iron altar of Okawaru.
   193 | D        | Found a basalt altar of Yredelemnul.
   193 | D        | Found a glowing golden altar of the Shining One.
   193 | D        | Found a snail-covered altar of Cheibriados.
   193 | D        | Found a sacrificial altar of Ru.
   193 | D        | Found a glowing silver altar of Zin.
   193 | D        | Found a shadowy altar of Dithmenos.
   193 | D        | Found a white marble altar of Elyvilon.
   193 | D        | Noticed a yak
   194 | D        | Found an opulent altar of Gozag.
   201 | D        | Killed a yak
   201 | D        | Reached *** piety under Trog
   202 | D        | Reached skill level 11 in Unarmed Combat
   202 | D        | Reached XP level 7. HP: 78/78 MP: 6/6
   202 | D        | Found a sparkling altar of Nemelex Xobeh.
   206 | D        | Bought 2 scrolls of identify for 48 gold pieces
   206 | D        | Bought a scroll of magic mapping for 90 gold pieces
   224 | D        | Noticed a kobold demonologist
   225 | D        | Noticed a kobold demonologist
   229 | D        | Killed a kobold demonologist
   230 | D        | Reached skill level 12 in Unarmed Combat
   231 | D        | Paralysed by a floating eye for 4 turns
   235 | D        | Noticed a smoke demon
   241 | D        | Paralysed by a floating eye for 2 turns
   242 | D        | Noticed an orange demon
   246 | D        | Killed a kobold demonologist
   246 | D        | Reached **** piety under Trog
   247 | D        | Reached skill level 13 in Unarmed Combat
   247 | D        | Reached XP level 8. HP: 61/88 MP: 7/7
   260 | D        | Noticed a centaur warrior
   261 | D        | Noticed a centaur warrior
   273 | D        | Killed a centaur warrior
   274 | D        | Reached skill level 14 in Unarmed Combat
   282 | D        | Noticed a hornet
   300 | D        | Killed a centaur warrior
   301 | D        | Reached skill level 15 in Unarmed Combat
   301 | D        | Reached XP level 9. HP: 37/100 MP: 8/8
   366 | D        | Paralysed by a hornet for 3 turns
   374 | D        | Noticed an oklob plant
   443 | D        | Killed an oklob plant
   443 | D        | Reached ***** piety under Trog
   485 | D        | Received a gift from Trog
   486 | D        | Reached skill level 10 in Fighting
   486 | D        | Reached skill level 10 in Dodging
   486 | D        | Reached skill level 16 in Unarmed Combat
   594 | D        | HP: 4/101 [something (10)]
   595 | D        | Slain by an unseen horror

Illustrated notes

Levels and vault maps discovered:
D:        dungeon_sprint_1 [red_sonja_temple_1, red_sonja_temple_small_1]

Skill      XL: |  1  2  3  4  5  6  7  8  9 |
---------------+----------------------------+-----
Fighting       | 3 4 5 6 7 8 9 10 | 10.0
Dodging        | 3 4 5 6 7 8 9 10 | 10.0
Unarmed Combat | 5 7 9 10 11 13 15 16 | 16.1

Action                     |  1- 3 |  4- 6 |  7- 9 || total
---------------------------+-------+-------+-------++-------
  Melee: Unarmed           |    14 |    23 |    54 ||    91
         Punch             |     1 |       |     2 ||     3
  Evoke: Wand              |     1 |       |       ||     1
    Use: Potion            |     2 |     1 |     4 ||     7
         Scroll            |       |       |     1 ||     1
 Armour: Animal skin       |     2 |     2 |    15 ||    19
  Dodge: Dodged            |     2 |     8 |    18 ||    28
